 Dungeon Sprint DCSS version 0.26-a0-665-gefeb406119 (webtiles) character file.

Game seed: 2522263592529372118

8921 rocky1 the Carver (level 11, -8/98 HPs)
             Began as a Formicid Fighter on Oct 15, 2020.
             Was the Champion of Cheibriados.
             Mangled by a catoblepas (10 damage)
             ... while petrified by you
             ... in the Dungeon (Sprint IX: "|||||||||||||||||||||||||||||").
             The game lasted 00:06:42 (1701 turns).

rocky1 the Carver (Formicid Fighter)                Turns: 1701, Time: 00:06:42

Health: -8/98      AC: 13    Str: 39    XL:     11   Next: 64%
Magic:  9/18       EV:  2    Int: 26    God:    Cheibriados [******]
Gold:   0          SH:  0    Dex: 28    Spells: 10/10 levels left

rFire    . . .     SeeInvis +   r - +3 great sword (holy)
rCold    . . .     Faith    .   c - +0 kite shield
rNeg     + + +     Spirit   .   m - +2 ring mail
rPois    ∞         Reflect  .   (helmet unavailable)
rElec    .         Harm     .   l - +0 cloak
rCorr    .         Rampage  .   a - +0 pair of gloves
MR       +....                  (no boots)
Stlth    ++........             (no amulet)
HPRegen  0.26/turn              n - +3 ring of dexterity
MPRegen  0.16/turn              o - +3 ring of intelligence

@: petrified, very slow
A: permanent stasis, dig shafts and tunnels, four strong arms, antennae 3
a: Dig, Bend Time, Temporal Distortion, Slouch, Step From Time, Renounce
Religion


You were in the Dungeon.
You worshipped Cheibriados.
Cheibriados was exalted by your worship.
You visited 1 branch

Inventory:

Hand Weapons
 r - a +3 great sword of holy wrath (weapon)
Armour
 a - a +0 pair of gloves (worn)
 c - a +0 kite shield (worn)
 l - a +0 cloak (worn)
 m - a +2 ring mail (worn)
Jewellery
 n - a +3 ring of dexterity (left hand)
 o - a +3 ring of intelligence (right hand)
Wands
 j - a wand of iceblast (10)
Scrolls
 h - 3 scrolls of remove curse
 i - 2 scrolls of amnesia
 p - 4 scrolls of enchant weapon
 q - 2 scrolls of fear
Potions
 b - a potion of heal wounds
 d - 2 potions of brilliance
 e - 3 potions of curing
 f - a potion of resistance
 g - 4 potions of magic


   Skills:
 + Level 13.1 Fighting
 + Level 14.1 Long Blades
 + Level 13.1 Armour
 + Level 10.9 Dodging
 - Level 10.5 Shields
 + Level 9.5 Invocations
 + Level 3.4 Evocations


You had 10 spell levels left.
You didn't know any spells.
Your spell library was empty.

Dungeon Overview and Level Annotations

Branches:
Dungeon (1/1)

Altars:
Cheibriados
Dithmenos
Elyvilon
Fedhas
Gozag
Hepliaklqana
Kikubaaqudgha
Makhleb
Nemelex Xobeh
Okawaru
Qazlal
Ru
Sif Muna
Trog
Uskayaw
Vehumet
Wu Jian
Xom
Yredelemnul
Zin
The Shining One
Beogh
Jiyva
Lugonu


Innate Abilities, Weirdness & Mutations

You cannot be hasted, slowed, berserked, paralysed or teleported.
You can dig through walls and to a lower floor.
Your four strong arms can wield two-handed weapons with a shield.
You have a pair of large antennae on your head. (SInv)


Message History

You are slowing down.
The catoblepas gores you!!
* * * LOW HITPOINT WARNING * * *
You chop the catoblepas into pieces!!!
You kill the catoblepas!
Cheibriados appreciates the change of pace.
Your Fighting skill increases to level 13!
Your Evocations skill increases to level 3!
You are engulfed in calcifying dust.
Your limbs have turned to stone.
The catoblepas misses you.
You have turned to stone.
You are engulfed in calcifying dust.
The catoblepas gores you.
The catoblepas gores you but does no damage.
The catoblepas gores you but does no damage.
The death yak snorts and paws the ground.
The catoblepas breathes a plume of calcifying dust at you.
The blast of calcifying dust hits you but does no damage.
You are engulfed in calcifying dust.
The catoblepas gores you!!
* * * LOW HITPOINT WARNING * * *
You are engulfed in calcifying dust.
The catoblepas gores you!!
You die... {{{{{{ {{{{ { { { {{{{{ {{{{{{{{{{{{

{{{ { ▓▓▓▓▓▓▓▓▓▓▓▓▓▓▓▓▓▓▓▓▓▓▓▓▓
{....†.YY@§...§..†'†......
▓▓▓▓▓▓▓▓▓▓▓▓▓▓▓▓▓▓▓▓▓▓▓▓▓▓▓▓▓▓▓▓▓
.................................
▓▓▓▓▓▓▓▓▓▓▓▓▓▓▓▓▓▓▓▓▓▓▓▓▓▓▓▓▓▓▓▓▓
...)†(..[...)?.'_________________
▓▓▓▓▓▓▓▓▓▓▓▓▓▓▓▓▓▓▓▓▓▓▓▓▓▓▓▓▓▓▓▓▓


You could see a death yak and a catoblepas.

Vanquished Creatures
  A boulder beetle (D)
  2 catoblepae (D)
  A hydra (D)
  A tengu warrior (D)
  2 death yaks (D)
  A black mamba (D)
  2 cane toads (D)
  4 komodo dragons (D)
  A troll (D)
  A blink frog (D)
  A wyvern (D)
  4 yaks (D)
  A basilisk (D)
  A vampire mosquito (D)
  2 water moccasins (D)
  2 ice beasts (D)
  A phantom (D)
  A wolf (D)
  2 centaurs (D)
  3 bullfrogs (D)
  2 scorpions (D)
  2 iguanas (D)
  A white imp (D)
  An ufetubus (D)
  An ooze (D)
  An adder skeleton (D)
  A hobgoblin (D)
  2 frilled lizards (D)
  A kobold (D)
46 creatures vanquished.

Notes
Turn   | Place    | Note
-------+----------+-------------------------------------------
     0 | D        | rocky1 the Formicid Fighter began the quest for the Orb.
     0 | D        | Reached XP level 1. HP: 18/18 MP: 1/1
    11 | D        | Reached skill level 3 in Long Blades
    11 | D        | Reached XP level 2. HP: 23/24 MP: 2/2
    14 | D        | Reached skill level 5 in Shields
   119 | D        | Noticed an ice beast
   119 | D        | Noticed an ice beast
   132 | D        | Killed an ice beast
   132 | D        | Reached skill level 6 in Long Blades
   132 | D        | Reached XP level 3. HP: 10/29 MP: 3/3
   132 | D        | Reached XP level 4. HP: 12/35 MP: 4/4
   132 | D        | Reached XP level 5. HP: 14/41 MP: 5/5
   138 | D        | Killed an ice beast
   138 | D        | Reached skill level 8 in Long Blades
   138 | D        | Reached skill level 10 in Shields
   138 | D        | Reached XP level 6. HP: 17/47 MP: 6/6
   335 | D        | Found a roughly hewn altar of Beogh.
   335 | D        | Found a snail-covered altar of Cheibriados.
   335 | D        | Found a shadowy altar of Dithmenos.
   335 | D        | Found a white marble altar of Elyvilon.
   335 | D        | Found a blossoming altar of Fedhas.
   335 | D        | Found an opulent altar of Gozag.
   336 | D        | Found a hazy altar of Hepliaklqana.
   337 | D        | Found a viscous altar of Jiyva.
   338 | D        | Found an ancient bone altar of Kikubaaqudgha.
   339 | D        | Became a worshipper of Cheibriados the Contemplative
   340 | D        | Found a corrupted altar of Lugonu.
   341 | D        | Found a burning altar of Makhleb.
   342 | D        | Found a sparkling altar of Nemelex Xobeh.
   443 | D        | Found an iron altar of Okawaru.
   444 | D        | Found a stormy altar of Qazlal.
   445 | D        | Found a sacrificial altar of Ru.
   446 | D        | Found a shimmering blue altar of Sif Muna.
   447 | D        | Found a bloodstained altar of Trog.
   448 | D        | Found a hide-covered altar of Uskayaw.
   449 | D        | Found a radiant altar of Vehumet.
   450 | D        | Found an ornate altar of the Wu Jian Council.
   451 | D        | Found a shimmering altar of Xom.
   452 | D        | Found a basalt altar of Yredelemnul.
   453 | D        | Found a glowing silver altar of Zin.
   454 | D        | Found a glowing golden altar of the Shining One.
   511 | D        | Noticed a water moccasin
   511 | D        | Noticed a phantom
   519 | D        | Reached skill level 1 in Dodging
   528 | D        | Reached * piety under Cheibriados
   528 | D        | Reached skill level 5 in Fighting
   528 | D        | Reached skill level 9 in Long Blades
   528 | D        | Reached skill level 5 in Armour
   528 | D        | Reached XP level 7. HP: 56/56 MP: 7/7
   536 | D        | Reached ** piety under Cheibriados
   538 | D        | Killed a water moccasin
   649 | D        | Noticed a troll
   649 | D        | Noticed a tengu warrior
   649 | D        | Noticed a vampire mosquito
   649 | D        | Noticed a boulder beetle
   677 | D        | Killed a boulder beetle
   677 | D        | Reached *** piety under Cheibriados
   677 | D        | Reached skill level 11 in Long Blades
   677 | D        | Reached XP level 8. HP: 20/69 MP: 8/8
   678 | D        | Reached XP level 9. HP: 22/75 MP: 9/9
   690 | D        | Killed a tengu warrior
   690 | D        | Reached **** piety under Cheibriados
   695 | D        | Killed a troll
   695 | D        | Reached skill level 10 in Fighting
   695 | D        | Reached skill level 12 in Long Blades
   695 | D        | Reached skill level 10 in Armour
   705 | D        | Reached ***** piety under Cheibriados
  1185 | D        | Noticed a komodo dragon
  1185 | D        | Noticed a cane toad
  1185 | D        | Noticed a komodo dragon
  1188 | D        | Killed a komodo dragon
  1194 | D        | Killed a cane toad
  1194 | D        | Reached XP level 10. HP: 67/86 MP: 9/12
  1203 | D        | Killed a komodo dragon
  1204 | D        | Noticed a black mamba
  1204 | D        | Noticed a komodo dragon
  1214 | D        | Reached ****** piety under Cheibriados
  1220 | D        | Killed a black mamba
  1220 | D        | Reached skill level 5 in Invocations
  1223 | D        | Killed a komodo dragon
  1517 | D        | Noticed a death yak
  1517 | D        | Noticed a death yak
  1517 | D        | Noticed a cane toad
  1520 | D        | Noticed a komodo dragon
  1527 | D        | Killed a death yak
  1527 | D        | Reached skill level 13 in Long Blades
  1528 | D        | Noticed a six-headed hydra
  1533 | D        | Killed a death yak
  1533 | D        | Reached skill level 10 in Dodging
  1533 | D        | Reached XP level 11. HP: 70/95 MP: 14/16
  1542 | D        | Killed a seven-headed hydra
  1660 | D        | Noticed a death yak
  1660 | D        | Noticed a catoblepas
  1660 | D        | Noticed a catoblepas
  1660 | D        | Noticed a catoblepas
  1665 | D        | Killed a catoblepas
  1665 | D        | Reached skill level 1 in Evocations
  1686 | D        | Reached skill level 14 in Long Blades
  1695 | D        | Killed a catoblepas
  1700 | D        | HP: 2/98 [catoblepas (10)]
  1701 | D        | Mangled by a catoblepas

Illustrated notes

Levels and vault maps discovered:
D:        linesprint [early_d, line_temple, items_1, d_10, items_2, lair_1,
          lair_end, items_3, orc_1, orc_end, items_4, d_15, swamp_1, shoals_1,
          snake_1, spider_1, d_20, vaults_1, items_5, swamp_end, shoals_end,
          snake_end, spider_end, vaults_end, d_27, items_6, zot_1, zot_end,
          crypt_end, forest_end, elf_end, slime_end, tomb_end, abyss_end,
          pan_hell_end]

Skill      XL: |  1  2  3  4  5  6  7  8  9 10 11 |
---------------+----------------------------------+-----
Shields        | 4 8 10 | 10.5
Long Blades    | 3 6 8 9 11 12 13 14 | 14.1
Dodging        | 3 6 8 10 | 10.9
Fighting       | 5 8 10 12 13 | 13.1
Armour         | 5 8 10 12 13 | 13.1
Invocations    | 3 7 9 |  9.5
Evocations     | 3 |  3.4

Action                   |  1- 3 |  4- 6 |  7- 9 | 10-12 || total
-------------------------+-------+-------+-------+-------++-------
Melee: Long sword        |    20 |     9 |       |       ||    29
       Scimitar          |       |    15 |    57 |       ||    72
       Great sword       |       |       |     8 |    55 ||    63
Invok: Slouch            |       |       |       |     5 ||     5
  Use: Potion            |     2 |       |     5 |     1 ||     8
 Stab: Invisible         |       |       |     9 |       ||     9
Armor: Scale mail        |     7 |     3 |       |       ||    10
       Ring mail         |       |     1 |     9 |    22 ||    32
Dodge: Dodged            |    10 |     4 |    44 |    25 ||    83
Block: Kite shield       |    12 |    15 |    63 |    39 ||   129
       Rpst.: Long sword |     2 |       |       |       ||     2
       Scimitar          |       |     2 |     9 |       ||    11
       Great sword       |       |       |     1 |     8 ||     9

Table legend: (Time is in decaauts)
 A = Elapsed time spent in this place.
 B = Non-inter-level travel time spent in this place.
 C = Inter-level travel time spent in this place.
 D = Time resting spent in this place.
 E = Time spent auto-exploring this place.
 F = Levels seen in this place.
 G = Mean time per level.
                   A        B        C        D        E       F      G
               +--------+--------+--------+--------+--------+-----+--------+
         Total |   1841 |   1841 |      0 |   1230 |      0 |   1 | 1841.0 |
       Dungeon |   1841 |   1841 |      0 |   1230 |      0 |   1 | 1841.0 |
               +--------+--------+--------+--------+--------+-----+--------+

Top non-repeatable levels by time:
       D: 1841 daAuts
